 Dungeon Crawl Stone Soup version 0.27.1-33-g824d729ab1 (webtiles) character file.

Game seed: 8516549592977795650

39 pkoi the Ruffian (level 3, -2/29 HPs)
             Began as a Draconian Warper on Dec 13, 2021.
             Slain by a gnoll (5 damage)
             ... on level 1 of the Dungeon.
             The game lasted 00:02:06 (2334 turns).

pkoi the Ruffian (Draconian Warper)                 Turns: 2334, Time: 00:02:07

Health: -2/29      AC:  5    Str: 13    XL:     3   Next: 26%
Magic:  6/6        EV: 11    Int: 14    God:
Gold:   14         SH:  3    Dex: 10    Spells: 1/6 levels left

rFire    . . .     SeeInvis .   g - +0 short sword
rCold    . . .     Faith    .   e - +0 buckler
rNeg     . . .     Spirit   .   (armour unavailable)
rPois    .         Reflect  .   (helmet restricted)
rElec    .         Harm     .   (no cloak)
rCorr    .         Rampage  .   (no gloves)
Will     .....                  (no boots)
Stlth    +.........             (no amulet)
HPRegen  0.09/turn              (no ring)
MPRegen  0.10/turn              (no ring)

@: no status effects
A: AC +5, unfitting armour, cold-blooded
a: no special abilities


You were on level 1 of the Dungeon.
You visited 1 branch of the dungeon, and saw 2 of its levels.

You collected 14 gold pieces.

Inventory:

Hand Weapons
 g - a +0 short sword (weapon)
 h - a +0 whip
Missiles
 b - 5 boomerangs of dispersal (quivered)
Armour
 e - a +0 buckler (worn)
Scrolls
 a - a scroll of blinking
 d - a scroll of identify {unknown}
 f - a scroll of silence {unknown}


   Skills:
 - Level 2.1 Fighting
 - Level 0.8 Throwing
 - Level 2.1 Dodging
 + Level 3.7 Unarmed Combat
 - Level 2.0 Spellcasting
 - Level 3.0 Translocations


You had one spell level left.
You knew the following spells:

 Your Spells              Type           Power      Damage    Failure   Level
a - Blink                 Tloc           N/A        N/A       17%         2
b - Gell's Gravitas       Tloc           4%         N/A       34%         3

Your spell library contained the following spells:

 Spells                   Type           Power      Damage    Failure   Level
 Lesser Beckoning         Tloc           4%         N/A       34%         3
 Teleport Other           Tloc           9%         N/A       34%         3
 Manifold Assault         Tloc           9%         N/A       97%         5


Dungeon Overview and Level Annotations

Branches:
Dungeon (2/15)

Altars:
Uskayaw


Innate Abilities, Weirdness & Mutations

Your plain brown scales are hard. (AC +5)
You cannot fit into any form of body armour.
You are cold-blooded and may be slowed by cold attacks.


Message History

The gnoll is heavily wounded.
The gnoll closely misses you.
You closely miss the gnoll.
Your tail-slap misses the gnoll.
The gnoll is heavily wounded.
The gnoll hits you with a +0 halberd!
* * * LOW HITPOINT WARNING * * *
You hit the gnoll but do no damage.
The gnoll is heavily wounded.
The gnoll completely misses you. The gnoll barely misses you.
You barely miss the gnoll.
The gnoll is heavily wounded.
The gnoll hits you but does no damage.
You barely miss the gnoll. You tail-slap the gnoll.
The gnoll is severely wounded.
The gnoll hits you but does no damage.
Your shield prevents you from hitting the gnoll.
You tail-slap the gnoll, but do no damage.
The gnoll is severely wounded.
The gnoll completely misses you.
You hit the gnoll but do no damage.
The gnoll is severely wounded.
The gnoll hits you but does no damage.
You barely miss the gnoll.
You tail-slap the gnoll, but do no damage.
The gnoll is severely wounded.
The gnoll hits you with a +0 halberd.
* * * LOW HITPOINT WARNING * * *
You hit the gnoll but do no damage.
The gnoll is severely wounded.
The gnoll barely misses you. The gnoll completely misses you.
You closely miss the gnoll.
The gnoll is severely wounded.
The gnoll completely misses you.
You hit the gnoll.
Your tail-slap misses the gnoll.
The gnoll is severely wounded.
You block the gnoll's attack.
You barely miss the gnoll. You tail-slap the gnoll.
The gnoll is almost dead.
The gnoll hits you with a +0 halberd.
You die...

...................####
..........###.........#####
.##.......# #.....##......#
.##.......#####.#.###.....#######
###...................##...#.....
# #....#.........................
###....#....#........######......
............#....g...# #......
......#..(..#...@....# #...###
#####.......#........# ###..#. #
###.....##..###### ##... ###
#.....##..## ###.
..#####..........# #.
#................# #.
#############....# #. ###### ##


You could see a gnoll.

Vanquished Creatures
  A gnoll (D:1)
  An adder (D:1)
  A dart slug (D:1)
  2 bats
  An endoplasm (D:1)
  2 giant cockroaches (D:1)
  4 goblins
  A quokka (D:1)
  3 ball pythons
  2 frilled lizards (D:1)
18 creatures vanquished.

Notes
Turn   | Place    | Note
-------+----------+-------------------------------------------
     0 | D:1      | pkoi the Draconian Warper began the quest for the Orb.
     0 | D:1      | Reached XP level 1. HP: 17/17 MP: 3/3
   268 | D:1      | Reached XP level 2. HP: 21/24 MP: 5/5
   655 | D:1      | HP: 1/24 [constriction (1)]
  1176 | D:2      | Found a hide-covered altar of Uskayaw.
  1256 | D:2      | Reached XP level 3. HP: 29/29 MP: 6/6
  1259 | D:2      | Learned a level 2 spell: Blink
  1263 | D:2      | Learned a level 3 spell: Gell's Gravitas
  1272 | D:2      | Found a faded altar of an unknown god.
  2334 | D:1      | Slain by a gnoll

Illustrated notes

Levels and vault maps discovered:
D:1:      mushboom_english_gardens, layout_rooms
D:2:      layout_basic, hellmonk_ecumenical_altar_blasted, basic_altar

Skill      XL: |  1  2 |
---------------+-------+-----
Unarmed Combat | 3 |  3.7
Fighting       | |  2.1
Throwing       | |  0.8
Dodging        | |  2.1
Spellcasting   | |  2.0
Translocations | |  3.0

Action                   || total
-------------------------++-------
Melee: Whip              ||    11
       Unarmed           ||    10
       Short sword       ||    89
       Tailslap          ||    12
  Use: Potion            ||     2
       Scroll            ||     1
Armor: Skin              ||    50
Dodge: Dodged            ||    81
Block: Buckler           ||    15
